 Dungeon Crawl Stone Soup version 0.20-a0-1018-ge435b50 (webtiles) character file.

48 Chaoticas the Changer (level 3, -1/28 HPs)
             Began as a Draconian Transmuter on Apr 17, 2017.
             Killed by divine providence
             ... invoked by an orc priest
              (14 damage)
             ... on level 3 of the Dungeon.
             The game lasted 00:05:50 (1443 turns).

Chaoticas the Changer (Draconian Transmuter)        Turns: 1443, Time: 00:05:51

Health: -1/28      AC:  5    Str: 12    XL:     3   Next: 50%
Magic:  3/6        EV: 12    Int: 14    God:
Gold:   60         SH:  0    Dex: 11    Spells: 3/6 levels left

rFire    + . .     SeeInvis .     - Unarmed
rCold    . . .     Gourm    +   (no shield)
rNeg     . . .     Faith    .   (armour unavailable)
rPois    .         Spirit   .   (helmet restricted)
rElec    .         Reflect  .   (no cloak)
rCorr    .         Harm     .   (no gloves)
MR       .....                  (no boots)
Stlth    +.........             h - amulet of the gourmand
Regen    0.1/turn               d - ring of protection from fire
MPRegen  0.1/turn               (no ring)

@: no status effects
A: unfitting armour, cold-blooded, AC +5
a: no special abilities


You were on level 3 of the Dungeon.
You were very full.

You visited 1 branch of the dungeon, and saw 3 of its levels.

You collected 60 gold pieces.

Inventory:

Missiles
 a - 34 arrows
Armour
 k - a +0 helmet
Jewellery
 d - a ring of protection from fire (left hand)
 h - an amulet of the gourmand (around neck)
Scrolls
 e - a scroll of remove curse
 g - a scroll of identify
 i - a scroll of teleportation
Potions
 f - a potion of curing
Books
 b - a book of Changes

   Spells                             Type                      Level
   a - Beastly Appendage              Transmutation                1
   b - Sticks to Snakes               Transmutation                2
   c - Spider Form                    Transmutation/Poison         3
   d - Ice Form                       Ice/Transmutation            4
   e - Blade Hands                    Transmutation                5
Comestibles
 c - a bread ration
 j - a royal jelly


   Skills:
 - Level 1.1 Fighting
 - Level 1.7 Dodging
 - Level 3.0 Unarmed Combat
 - Level 2.0 Spellcasting
 * Level 3.9 Transmutations


You had 3 spell levels left.
You knew the following spells:

 Your Spells              Type           Power        Failure   Level  Hunger
a - Beastly Appendage     Tmut           ##....       6%          1    ##.....
b - Sticks to Snakes      Tmut           ##......     10%         2    ###....


Dungeon Overview and Level Annotations

Branches:
Dungeon (3/15)

Altars:
Elyvilon
Zin

Annotations:
D:2 Terence


Innate Abilities, Weirdness & Mutations

Your plain brown scales are hard. (AC +5)
You cannot fit into any form of body armour.
You are cold-blooded and may be slowed by cold attacks.


Message History

The orc priest calls down the wrath of Beogh upon you.
Pain shoots through your body!
You barely miss the orc priest.
The orc priest is lightly wounded.
The jackal bites you. The orc priest closely misses you.
The jackal bites you but does no damage.
You hit the orc priest but do no damage.
The orc priest is lightly wounded.
The jackal closely misses you. The orc priest barely misses you.
You hit the orc priest but do no damage.
The orc priest is lightly wounded.
The jackal barely misses you. The orc priest hits you.
You hit the orc priest but do no damage.
Your tail-slap misses the orc priest.
The orc priest is lightly wounded.
The jackal bites you.
The orc priest invokes the aid of Beogh against you.
Beogh smites you!
Ouch! That really hurt!
You die...

#... #..# o. #..## h.
#...# .# #.#.# o#
##<#.# .# ##....# .#
#.#.....########h#
#.............@oS####.
#..............h.......
####............#####.#
##................
##..).......#####
##......#### ##....##
#.#.## #.#..#


You could see an orc priest, an adder and 2 jackals.

Vanquished Creatures
  2 adders (D:2)
  A dart slug (D:2)
  A giant cockroach (D:3)
  6 goblins (D:1)
  4 hobgoblins (D:1)
  3 kobolds (D:1)
  6 bats (D:1)
  2 frilled lizards (D:1)
  4 rats (D:1)
29 creatures vanquished.

Notes
Turn   | Place    | Note
-------+----------+-------------------------------------------
     0 | D:1      | Chaoticas the Draconian Transmuter began the quest for the Orb.
     0 | D:1      | Reached XP level 1. HP: 16/16 MP: 3/3
   225 | D:1      | Reached XP level 2. HP: 20/23 MP: 5/5
   510 | D:1      | Learned a level 2 spell: Sticks to Snakes
  1042 | D:2      | Found a glowing silver altar of Zin.
  1057 | D:2      | Found a white marble altar of Elyvilon.
  1064 | D:2      | Reached XP level 3. HP: 28/28 MP: 6/6
  1241 | D:2      | Noticed Terence
  1443 | D:3      | Killed from afar by an orc priest

Vault maps used:
D:1:      dpeg_arrival_leaves_temple_mockup, serial_forest,
          infiniplex_forest_corner_1, infiniplex_forest_clump_small,
          infiniplex_forest_lined_room_2, infiniplex_forest_clump_small,
          infiniplex_forest_end_3, infiniplex_forest_end_1,
          infiniplex_forest_lined_ring
D:2:      chequers_temple_overflow_statue_of_worship, uniq_terence
D:3:      lemuel_blue_sif_altar

Skill      XL: |  1  2 |
---------------+-------+-----
Transmutations | 3 |  3.9
Fighting       | |  1.1
Dodging        | |  1.7
Unarmed Combat | |  3.0
Spellcasting   | |  2.0

Action                   || total
-------------------------++-------
Melee: Unarmed           ||   129
       Tailslap          ||    10
       Headbutt          ||     1
       Kick              ||     4
 Cast: Beastly Appendage ||     5
       Sticks to Snakes  ||     2
  Use: Scroll            ||     6
  Eat: Chunk             ||    16
Armor: Skin              ||    59
Dodge: Dodged            ||   122
